 Dungeon Crawl Stone Soup version 0.29.1-12-g30fa7ad0bf (webtiles) character file.

Game seed: 9613754688717897960

142 mopl the Sneak (level 5, -2/34 HPs)
             Began as an Octopode Brigand on Dec 29, 2022.
             Killed from afar by an orc wizard (13 damage)
             ... with a puff of flame
             ... on level 3 of the Dungeon.
             The game lasted 00:03:02 (2776 turns).

mopl the Sneak (Octopode Brigand)                   Turns: 2776, Time: 00:03:03

Health: -2/34      AC:  1    Str: 11    XL:     5   Next: 25%
Magic:  5/5        EV: 13    Int: 15    God:
Gold:   160        SH:  0    Dex: 13    Spells: 4/4 levels left

rFire   . . .      SeeInvis .   b - +0 rapier (venom)
rCold   . . .      Faith    .   (no shield)
rNeg    . . .      Spirit   .   (helmet restricted)
rPois   .          Reflect  .   (no amulet)
rElec   .          Harm     .   (no ring)
rCorr   .          Rampage  .   (no ring)
Will    .....                   (no ring)
Stlth   ++++......              (no ring)
HPRegen 0.11/turn               (no ring)
MPRegen 0.09/turn               (no ring)
                                (no ring)
                                (no ring)

@: no status effects
A: almost no armour, amphibious, 8 rings, camouflage 1, gelatinous body 1,
(nimble swimmer 1), tentacles
a: no special abilities


You were on level 3 of the Dungeon.
You visited 1 branch of the dungeon, and saw 3 of its levels.

You collected 160 gold pieces.

Inventory:

Hand Weapons
 a - a +2 dagger
 b - a +0 rapier of venom (weapon)
Missiles
 c - 3 curare-tipped darts
 h - 8 poisoned darts (quivered)
 l - 3 boomerangs
Scrolls
 d - 3 scrolls of teleportation
 g - a scroll of immolation {unknown}
 i - a scroll of fog {unknown}
 j - a scroll of vulnerability {unknown}
 k - a scroll of acquirement {unknown}
 n - a scroll of amnesia {unknown}
Potions
 e - a potion of flight {unknown}
 f - a potion of attraction {unknown}
 m - a potion of heal wounds {unknown}


   Skills:
 - Level 2.0 Fighting
 + Level 3.1 Short Blades
 + Level 3.0 Throwing
 + Level 2.5 Dodging
 + Level 6.4 Stealth


You had 4 spell levels left.
You didn't know any spells.
Your spell library contained the following spells:

 Spells                   Type           Power      Damage    Failure   Level
 Foxfire                  Conj/Fire      0%         2x1d4     26%         1
 Conjure Flame            Conj/Fire      0%         6-21      63%         3
 Inner Flame              Hex/Fire       0%         N/A       63%         3
 Flame Wave               Conj/Fire      0%         2d4       95%         4


Dungeon Overview and Level Annotations

Branches:
Dungeon (3/15)

Altars:

Shops:
D:2 =


Innate Abilities, Weirdness & Mutations

You cannot wear most types of armour.
You are amphibious.
You can wear up to eight rings at the same time.
Your skin changes colour to match your surroundings (Stealth+).
Your rubbery body absorbs attacks. (AC +1, EV +1)
((You are camouflaged when in or above water. (Stealth+)))
You have tentacles for arms and can constrict up to eight enemies at once.


Message History

The orc priest shouts!
You hit the orc.
You kill the orc!
You hit the orc priest but do no damage.
You grab the orc priest. You constrict the orc priest.
The orc priest hits you with a +0 whip.
You hit the orc priest but do no damage.
The orc priest is poisoned.
The orc priest is lightly wounded.
You constrict the orc priest.
The orc wizard mumbles some strange words.
The orc wizard flickers and vanishes!
Deactivating autopickup; reactivate with Ctrl-A.
The orc priest misses you.
You hit the orc priest but do no damage.
The orc priest looks as sick as possible!
You squeeze the orc priest!
You kill the orc priest!
A magic dart appears from out of thin air!
The magic dart hits you.
Your Throwing skill increases to level 3!
You have reached level 5!
You feel stronger.
You hear some strange, mumbled words.
You are confused.
You hear some strange, mumbled words.
A puff of flame appears from out of thin air!
The puff of flame hits you! Something hits you.
You miss something. Your squeeze misses something.
Something hits you but does no damage.
You barely miss something.
You feel less confused. Something hits you.
You hit something. You squeeze something. Something hits you.
You hit something. Something hits you.
You hear some strange, mumbled words.
A puff of flame appears from out of thin air!
The puff of flame hits you!
You die... .##..#......##.. (..#...# # ......#.#..#$ .. o.....# ## #.......#..# ... .....# .## #...#.#.#..# ooo.

....# #.###...#.#.#..#
.#...#...# .8.##...#.#.#..##
.o.......#
....#...........#########..#
....'...#...#.#.........)..#
....#(..........@{.######..#
.8.##.........####.######.##
#.##.....##.#.# #.....#..#
.###.....##.#.# #####...##
##
..........................#
#
.##.......##########.#.#####
#. #..####. #...# #....
#....>


There were no monsters in sight!

Vanquished Creatures
  2 orc priests (D:3)
  2 adders (D:2)
  A worm (D:2)
  2 dart slugs
  5 orcs
  6 ball pythons
  4 endoplasms
  A giant cockroach (D:2)
  4 goblins
  6 hobgoblins
  6 jackals
  4 kobolds (D:1)
  A quokka (D:2)
  4 bats
  2 frilled lizards
  3 rats
53 creatures vanquished.

Vanquished Creatures (others)
  2 plants (D:1)
2 creatures vanquished.

Grand Total: 55 creatures vanquished

Notes
Turn   | Place    | Note
-------+----------+-------------------------------------------
     0 | D:1      | mopl the Octopode Brigand began the quest for the Orb.
     0 | D:1      | Reached XP level 1. HP: 14/14 MP: 1/1
   331 | D:1      | Reached XP level 2. HP: 12/19 MP: 2/2
  1130 | D:1      | Found a faded altar of an unknown god.
  1268 | D:1      | Reached XP level 3. HP: 22/24 MP: 3/3
  1529 | D:2      | Found Kurarag's One-of-a-Kind Rings.
  1614 | D:2      | Reached skill level 2 in Dodging
  1617 | D:2      | Reached XP level 4. HP: 18/29 MP: 4/4
  1752 | D:2      | Reached skill level 6 in Stealth
  2682 | D:3      | Reached skill level 3 in Short Blades
  2762 | D:3      | Reached skill level 3 in Throwing
  2762 | D:3      | Reached XP level 5. HP: 27/34 MP: 5/5
  2776 | D:3      | Killed from afar by an orc wizard

Illustrated notes

Levels and vault maps discovered:
D:1:      wheals_arrival_shading, layout_basic,
          dilly_ecumenical_altar_fadedgnrine
D:2:      layout_basic, nicolae_shop_unique_rings, kennysheep_generic_room_15
D:3:      cheibrodos_pilgrimage, layout_basic, fedhas_altar_2, moated_statue,
          palyth_stone_intersect, dk_noncrumbling_3

Skill      XL: |  1  2  3  4 |
---------------+-------------+-----
Dodging        | 2 |  2.5
Stealth        | 6 |  6.4
Short Blades   | 3 |  3.1
Throwing       | 3 |  3.0
Fighting       | |  2.0

Action                   |  1- 3 |  4- 6 || total
-------------------------+-------+-------++-------
Melee: Dagger            |    15 |       ||    15
       Constrict         |     8 |     7 ||    15
       Rapier            |    43 |    42 ||    85
       Tentacles         |     7 |     6 ||    13
       Punch             |     1 |       ||     1
Throw: Dart              |       |     1 ||     1
  Use: Scroll            |     1 |       ||     1
 Stab: Sleeping          |    16 |     3 ||    19
       Distracted        |       |     1 ||     1
Armor: Skin              |     3 |     3 ||     6
Dodge: Dodged            |    26 |    25 ||    51
